 Dungeon Crawl Stone Soup version 0.18.1-8-gdd0e5ea (webtiles) character file.

1988 sveltemanboy the Carver (level 9, -3/54 HPs)
             Began as a High Elf Skald on May 26, 2016.
             Was a Follower of Ashenzari.
             Slain by an orc warrior
             ... wielding a +0 glaive
              (11 damage)
             ... on level 7 of the Dungeon.
             The game lasted 00:20:58 (8526 turns).

sveltemanboy the Carver (High Elf Skald)            Turns: 8526, Time: 00:20:58

Health: -3/54      AC: 11    Str: 15    XL:     9   Next: 1%
Magic:  9/13       EV: 16    Int: 24    God:    Ashenzari [*.....]
Gold:   340        SH:  0    Dex: 18    Spells: 3 memorised, 6 levels left

rFire  . . .     SeeInvis .     a - +0 long sword (curse)
rCold  . . .     Gourm    .     f - +0 ring mail
rNeg   . . .     Faith    .     (no shield)
rPois  .         Spirit   .     (no helmet)
rElec  .         Dismiss  .     b - +1 cloak
rCorr  .         Reflect  .     (no gloves)
SustAt .         Harm     .     (no boots)
MR     +....                    (no amulet)
Stlth  +.........               l - +4 ring of strength
                                v - ring "Sour" {MR+ Int+3 Stlth-}

@: agile, singing, somewhat resistant to hostile enchantments, very unstealthy
A: rough black scales 1, mutation resistance 1
a: Curse Item, Scrying, Renounce Religion, Stop Singing


You were on level 7 of the Dungeon.
You worshipped Ashenzari.
Ashenzari was aware of your devotion.
You were hungry.

You visited 1 branch of the dungeon, and saw 9 of its levels.

You collected 340 gold pieces.

Inventory:

Hand Weapons
 a - a cursed +0 long sword (weapon)
 j - the +6 long sword of Severance {flame, Dex+6}
   (You found it on level 8 of the Dungeon)

   It has been specially enchanted to burn those struck by it, causing extra
   injury to most foes and up to half again as much damage against particularly
   susceptible opponents.
   Big, fiery blades are also staple armaments of hydra-hunters.
   It affects your dexterity (+6).
Armour
 b - a +1 cloak (worn)
 f - a +0 ring mail (worn)
 x - a +0 buckler
Jewellery
 l - a +4 ring of strength (right hand)
 v - the ring "Sour" (left hand) {MR+ Int+3 Stlth-}
   (You found it on level 7 of the Dungeon)

   [ring of loudness]

   It affects your intelligence (+3).
   It affects your resistance to hostile enchantments.
   It makes you less stealthy.
 w - an uncursed ring of protection from cold
Wands
 r - a wand of acid (8/15)
Scrolls
 e - a scroll of magic mapping
 h - a scroll of teleportation
 k - 3 scrolls of identify
 u - 5 scrolls of blinking
 y - a scroll of recharging
Potions
 g - a potion of flight {unknown}
 i - 2 potions of haste
 n - 2 potions of lignification {unknown}
 o - a potion of resistance {unknown}
 p - 3 potions of agility
 q - a potion of ambrosia {unknown}
 t - a potion of might {unknown}
Books
 c - a book of Battle

   Spells                             Type                      Level
   a - Infusion                       Charms                       1
   b - Shroud of Golubria             Charms/Translocation         2
   c - Song of Slaying                Charms                       2
   d - Spectral Weapon                Hexes/Charms                 3
   e - Regeneration                   Charms/Necromancy            3
Comestibles
 d - 2 bread rations
 m - 2 beef jerkies
 s - 2 meat rations


   Skills:
 - Level 2.0 Fighting
 * Level 10.6 Long Blades
 - Level 3.0 Armour
 - Level 1.1 Dodging
 + Level 2.5 Shields
 - Level 2.4 Spellcasting
 - Level 2.0 Hexes
 + Level 7.9 Charms


You had 6 spell levels left.
You knew the following spells:

 Your Spells              Type           Power        Failure   Level  Hunger
a - Infusion              Chrm           ####         1%          1    None
b - Song of Slaying       Chrm           #####...     1%          2    ##.....
c - Spectral Weapon       Hex/Chrm       ####....     10%         3    ###....


Dungeon Overview and Level Annotations

Branches:
Dungeon (9/15)             Temple (0/1) D:4
   Lair: D:8-11         Orc: D:9-12

Altars:
Ashenzari
Elyvilon
Fedhas
Gozag
Kikubaaqudgha
Makhleb
Nemelex Xobeh
Pakellas
Sif Muna
Trog
Vehumet
Xom
Yredelemnul

Annotations:
D:5 1 runed door


Innate Abilities, Weirdness & Mutations

You are partially covered in rough black scales (AC +4, Dex -1).
You are somewhat resistant to further mutation.


Message History

The orc warrior barely misses you. The orc barely misses you.
Casting: Song of Slaying
Confirm with . or Enter, or press ? or * to list all spells.
You draw out your weapon's spirit!
The orc warrior closely misses you. The orc closely misses you.
You barely miss the orc warrior.
The orc warrior is lightly wounded.
The orc barely misses you.
Your ring mail prevents you from hitting the orc warrior.
The orc warrior is lightly wounded.
The orc warrior barely misses you. The orc warrior hits you with a glaive!
* * * LOW HITPOINT WARNING * * *
You are too injured to fight recklessly!
Drink which item? (? for menu, Esc to quit)
It was a potion of agility.
You feel agile all of a sudden. The orc completely misses you.
The quokka misses your spectral weapon. The orc warrior hits you with a glaive!
You die...

..............##.##.#)##.
............#.....+.+.+..
............####.##.#.##.
............# #.# .#.##.
............# ##. #.#.# #
##.........# .# #.#.# #
.. ##.#+#'##### #. #..##
#..... .....#(########
#.#.## .....
......ro@....... .#..##
#...# ....#.#o........
##... #...# ##
#.############# #....
#...# # #........# ####.
#...# ############.#.# #.
#...# #......[# #.#.#
####. ....# #..=###.#
#.#.# #.... ##..#
#....#..####.#.# #.###
....# #....#.......#.#
#.#


You could see an orc warrior, an orc, a quokka and a friendly spectral long
sword.

Vanquished Creatures
  An orc warrior (D:5)
  A black bear (D:8)
  5 ogres
  A centaur (D:7)
  A big kobold (D:8)
  A giant frog (D:4)
  3 scorpions
  3 wights (D:5)
  2 crimson imps
  2 giant frog zombies
  Crazy Yiuf (D:4)
  3 hounds
  4 orc priests
  A jelly (D:8)
  An iguana (D:8)
  7 worker ants
  4 orc wizards
  A hound skeleton (D:3)
  3 gnolls (D:4)
  10 adders
  A shadow imp (D:5)
  An adder skeleton (D:6)
  An adder zombie (D:7)
  6 worms
  A dart slug (D:1)
  2 giant geckos
  8 orcs
  A ball python (D:1)
  8 bats
  5 giant cockroaches
  8 goblins
  8 hobgoblins
  8 jackals
  A quokka (D:6)
  2 giant gecko skeletons
  A giant gecko zombie (D:5)
  8 giant newts
  13 kobolds
  10 rats
148 creatures vanquished.

Vanquished Creatures (others)
  A scorpion (D:4)
  A wight (D:5)
  An orc (D:4)
3 creatures vanquished.

Grand Total: 151 creatures vanquished

Notes
Turn   | Place    | Note
--------------------------------------------------------------
     0 | D:1      | sveltemanboy the High Elf Skald began the quest for the Orb.
     0 | D:1      | Reached XP level 1. HP: 14/14 MP: 4/4
    29 | D:1      | Reached skill level 1 in Armour
   232 | D:1      | Reached XP level 2. HP: 11/19 MP: 0/6
   241 | D:1      | Learned a level 2 spell: Song of Slaying
   391 | D:1      | Reached skill level 3 in Long Blades
  1020 | D:1      | Reached XP level 3. HP: 24/24 MP: 7/7
  1833 | D:2      | Learned a level 3 spell: Spectral Weapon
  2127 | D:2      | Found an oddly glowing altar of Pakellas.
  2264 | D:3      | Reached skill level 4 in Long Blades
  2264 | D:3      | Reached XP level 4. HP: 17/29 MP: 4/8
  2431 | D:3      | Found an ancient bone altar of Kikubaaqudgha.
  2436 | D:3      | Found an opulent altar of Gozag.
  2438 | D:3      | Found a bloodstained altar of Trog.
  2438 | D:3      | Found a blossoming altar of Fedhas.
  2439 | D:3      | Found a burning altar of Makhleb.
  2441 | D:3      | Found a shattered altar of Ashenzari.
  2442 | D:3      | Found a basalt altar of Yredelemnul.
  2445 | D:3      | Became a worshipper of Ashenzari the Shackled
  2447 | D:3      | Found a deep blue altar of Sif Muna.
  2571 | D:3      | Reached skill level 1 in Hexes
  3348 | D:3      | Reached XP level 5. HP: 19/34 MP: 5/9
  3822 | D:4      | Reached skill level 5 in Long Blades
  3942 | D:4      | Noticed an ogre
  3946 | D:4      | Gained mutation: You are somewhat resistant to further mutation. [potion of mutation]
  3946 | D:4      | Gained mutation: You are partially covered in rough black scales (AC +4, Dex -1). [potion of mutation]
  3954 | D:4      | Killed an ogre
  3954 | D:4      | Reached XP level 6. HP: 32/39 MP: 10/10
  4201 | D:4      | Found a staircase to the Ecumenical Temple.
  4353 | D:4      | Reached skill level 6 in Long Blades
  4353 | D:4      | Reached skill level 5 in Charms
  4717 | D:4      | Noticed Crazy Yiuf
  4733 | D:4      | Killed Crazy Yiuf
  4733 | D:4      | Reached XP level 7. HP: 36/45 MP: 2/11
  5171 | D:4      | Reached skill level 1 in Shields
  5341 | D:5      | Entered Level 5 of the Dungeon
  5359 | D:5      | Reached skill level 7 in Long Blades
  5498 | D:5      | Found a runed door.
  5498 | D:5      | Found a white marble altar of Elyvilon.
  5498 | D:5      | Noticed an angel
  5780 | D:5      | Found a radiant altar of Vehumet.
  6154 | D:5      | Reached skill level 8 in Long Blades
  6309 | D:5      | Reached XP level 8. HP: 50/50 MP: 8/12
  6352 | D:5      | Found a shimmering altar of Xom.
  6361 | D:5      | Found a sparkling altar of Nemelex Xobeh.
  6724 | D:6      | Reached * piety under Ashenzari
  6741 | D:6      | Reached skill level 9 in Long Blades
  6807 | D:6      | HP: 1/50 [ogre/giant club (21)]
  7001 | D:6      | Identified the +7 glaive "Neiggoqali" {freeze, +Inv MR- Dex+7}
  7075 | D:6      | You fall through a shaft for 3 floors!
  7100 | D:9      | Noticed a troll
  7487 | D:8      | Reached skill level 10 in Long Blades
  7510 | D:8      | Identified the +6 long sword of Severance {flame, Dex+6}
  8186 | D:7      | Identified the ring "Sour" {MR+ Int+3 Stlth-}
  8511 | D:7      | Reached XP level 9. HP: 54/54 MP: 10/13
  8526 | D:7      | Slain by an orc warrior

Skill      XL: |  1  2  3  4  5  6  7  8 |
---------------+-------------------------+-----
Armour         | 1 2 3 |  3.0
Long Blades    | 3 4 5 6 8 10 | 10.6
Charms         | 4 5 6 7 |  7.9
Hexes          | 1 2 |  2.0
Shields        | 2 |  2.5
Fighting       | |  2.0
Dodging        | |  1.1
Spellcasting   | |  2.4

Action                   |  1- 3 |  4- 6 |  7- 9 || total
-------------------------+-------+-------+-------++-------
Melee: Falchion          |   124 |       |       ||   124
       Long sword        |    27 |   182 |   241 ||   450
 Cast: Infusion          |    10 |     6 |     4 ||    20
       Song of Slaying   |       |     1 |     3 ||     4
       Spectral Weapon   |       |     4 |     6 ||    10
Invok: Curse Item        |       |     1 |       ||     1
  Use: Scroll            |     4 |     4 |     2 ||    10
       Potion            |       |     7 |     4 ||    11
 Stab: Sleeping          |     1 |       |       ||     1
       Invisible         |       |     1 |       ||     1
       Distracted        |       |       |     1 ||     1
  Eat: Chunk             |     3 |    11 |    13 ||    27
Armor: Leather armour    |    14 |       |       ||    14
       Ring mail         |    36 |    56 |    96 ||   188
Dodge: Dodged            |    74 |    97 |    95 ||   266
